Map: Ever Dream LE

Players

Scarlett - Winner!

  • Race: Zerg Zerg
  • Spawn Location: 1:00

Creature

  • Race: Protoss Protoss
  • Spawn Location: 7:00

Event: DreamHack SC2 Masters 2020 Summer North America

VOD

Have the link to the VOD?

Description

Time

  • Played on: July 3, 2020, 3:56 p.m.
  • Length: 11:32

All games in this series

Show
View Real Time Build Order
Export as new Build Order

Scarlett Zerg - Winner!

Build Orders: Hatch First 

Get SALT Encoding   

  12  0:00  Drone  
  13  0:12  Overlord  
  13  0:17  Drone  
  14  0:30  Drone x2  
  16  0:46  Hatchery  
  15  0:50  Drone  
  15  0:55  Drone  
  17  0:59  Drone  
  18  1:09  Extractor  
  17  1:14  Spawning Pool  
  17  1:17  Drone  
  17  1:21  Drone  
  18  1:28  Drone  
  19  1:40  Drone  
  20  1:51  Drone  
  21  2:01  Queen x2  
  21  2:02  Zergling x2  
  21  2:03  Overlord  
  26  2:10  Drone  
  26  2:11  Drone  
  28  2:17  Metabolic Boost  
  28  2:23  Drone x2  
  30  2:35  Drone  
  30  2:36  Drone  
  32  2:39  Hatchery  
  32  2:43  Zergling x2  
  32  2:45  Overlord  
  32  2:52  Drone  
  32  2:53  Drone  
  32  2:56  Queen  
  36  3:06  Drone x2  
  36  3:08  Drone  
  36  3:09  Drone  
  36  3:11  Overlord  
  40  3:16  Drone  
  40  3:17  Drone  
  42  3:21  Queen  
  42  3:24  Overlord  
  44  3:34  Lair  
  44  3:36  Drone x2  
  46  3:42  Drone x4  
  46  3:46  Drone  
  46  3:48  Roach Warren  
  50  3:51  Queen, Extractor  
  50  3:55  Drone x2  
  53  3:56  Drone  
  54  4:04  Drone  
  54  4:05  Overlord  
  54  4:06  Zergling x6  
  58  4:12  Zergling x2  
  59  4:17  Spine Crawler  
  59  4:18  Zergling x8  
  59  4:19  Spore Crawler  
  59  4:23  Spore Crawler  
  60  4:28  Overlord  
  60  4:36  Zergling x12  
  65  4:41  Roach x3  
  65  4:45  Roach  
  73  4:53  Roach  
  73  4:54  Roach x3  
  81  5:00  Glial Reconstitution, Overlord x2  
  81  5:06  Overlord  
  81  5:07  Zergling x2  
  82  5:13  Overlord  
  82  5:25  Roach x7  
  94  5:31  Zergling x8  
  94  5:33  Zergling x2  
  94  5:34  Overseer  
  93  5:39  Zergling x4  
  89  5:53  Drone x7  
  95  6:00  Drone x2  
  94  6:21  Hatchery  
  94  6:23  Drone x2  
  94  6:24  Drone  
  96  6:27  Extractor  
  96  6:28  Extractor x2  
  92  6:33  Drone x3  
  92  6:38  Overlord  
  92  6:41  Spire  
  92  6:43  Drone  
  92  6:44  Drone  
  93  6:47  Drone x2  
  93  6:51  Drone  
  93  6:52  Evolution Chamber  
  95  6:58  Overlord  
  93  7:05  Drone  
  94  7:09  Drone x7  
  101  7:21  Zerg Missile Weapons Level 1  
  101  7:32  Drone x10  
  111  7:37  Extractor  
  110  7:44  Overlord x2  
  110  7:54  Mutalisk x5  
  110  7:57  Mutalisk  
  110  7:58  Overlord x2  
  122  7:59  Overlord  
  122  8:02  Roach  
  122  8:04  Roach  
  126  8:08  Roach  
  126  8:09  Roach x2  
  126  8:12  Ravager  
  133  8:15  Roach  
  133  8:17  Roach x2  
  133  8:19  Roach x2  
  142  8:22  Roach x2  
  150  8:27  Roach x2  
  143  8:42  Roach x8  
  143  8:48  Roach x2  
  143  9:00  Roach x4  
  129  9:09  Hatchery  
  128  9:24  Baneling Nest  
  128  9:25  Roach x6  
  139  9:41  Roach x4  
  147  9:52  Overlord x5  
  147  9:59  Queen  
  149  10:12  Centrifical Hooks  
  149  10:13  Zergling x14  
  154  10:21  Mutalisk  
  154  10:28  Mutalisk  
  156  10:29  Zergling x4  
  160  10:37  Zergling x2  
  160  10:38  Zergling x4  
  160  10:40  Ravager  
  160  10:41  Baneling x4  
  164  10:43  Zergling x8  
  164  10:48  Zergling x4  
  170  10:55  Baneling x6  
  170  10:56  Baneling, Hatchery, Zergling x12  
  173  11:04  Baneling x3  
Show
View Real Time Build Order
Export as new Build Order

Creature Protoss 

Build Orders: 1 Gate Expand, Archon Immortal, Archon Drop, Dark Templar Rush 

Get SALT Encoding   

  12  0:01  Probe  
  13  0:13  Probe  
  14  0:18  Pylon  
  14  0:25  Probe  
  15  0:33  Probe  
  15  0:39  Gateway  
  15  0:41  Probe  
  16  0:49  Assimilator  
  17  0:51  Probe  
  18  1:03  Probe  
  19  1:15  Probe  
  20  1:26  Nexus  
  20  1:35  Cybernetics Core  
  20  1:38  Probe  
  21  1:46  Assimilator  
  21  1:55  Pylon  
  21  1:56  Probe  
  22  2:03  Adept  
  23  2:08  Probe  
  23  2:15  Warp Gate  
  25  2:20  Probe  
  26  2:24  Twilight Council  
  26  2:31  Probe  
  26  2:33  Stalker  
  26  2:35  Probe  
  29  2:39  Probe  
  29  2:43  Probe  
  31  2:49  Probe  
  31  2:50  Robotics Facility  
  32  2:54  Probe  
  34  2:59  Resonating Glaives  
  34  3:01  Probe  
  35  3:07  Probe  
  35  3:12  Gateway  
  36  3:14  Probe  
  37  3:20  Adept, Probe  
  40  3:29  Gateway  
  40  3:30  Warp Prism  
  40  3:32  Gateway  
  42  3:44  Probe  
  42  3:46  Pylon  
  42  3:48  Probe  
  44  3:56  Dark Shrine  
  44  3:57  Probe  
  44  4:00  Probe  
  46  4:06  Assimilator  
  46  4:09  Probe  
  47  4:11  Adept x2  
  47  4:13  Probe  
  52  4:19  Pylon  
  52  4:20  Pylon  
  52  4:25  Probe  
  53  4:37  Probe  
  53  4:38  Adept x4  
  60  4:40  Probe  
  60  4:42  Assimilator  
  63  4:48  Pylon  
  63  4:52  Probe  
  64  4:53  Probe  
  64  4:59  Observer  
  66  5:01  Adept x2  
  66  5:06  Adept x2  
  75  5:15  Pylon  
  74  5:34  Dark Templar x4  
  76  5:36  Probe  
  76  5:37  Probe  
  72  5:44  Nexus  
  72  5:47  Pylon  
  72  5:48  Probe  
  72  5:49  Probe  
  72  5:54  Immortal  
  70  6:00  Probe  
  67  6:06  Probe  
  67  6:09  Archon  
  67  6:10  Dark Templar  
  68  6:12  Dark Templar  
  68  6:13  Zealot x2  
  68  6:14  Charge  
  68  6:16  Shield Battery  
  68  6:17  Probe  
  75  6:18  Pylon  
  75  6:19  Archon  
  75  6:21  Probe  
  76  6:26  Gateway  
  76  6:32  Probe  
  77  6:35  Zealot  
  77  6:36  Dark Templar, Immortal  
  76  6:43  Archon  
  76  6:44  Probe  
  81  7:02  Dark Templar x2  
  81  7:03  Probe x2  
  81  7:04  Probe  
  88  7:10  Archon  
  88  7:13  Gateway x2  
  88  7:15  Immortal, Probe  
  88  7:19  Gateway  
  89  7:28  Pylon  
  93  7:30  Sentry x2  
  93  7:34  Pylon  
  97  7:37  Pylon  
  97  7:38  Zealot x3  
  103  7:50  Pylon  
  103  8:08  Zealot x7  
  117  8:13  Zealot  
  119  8:21  Immortal  
  119  8:24  Pylon  
  123  8:29  Zealot x7  
  119  8:55  Zealot x8  
  121  8:59  Warp Prism  
  100  9:05  Probe  
  85  9:14  Forge  
  85  9:16  Stalker x4  
  85  9:19  Dark Templar x3  
  85  9:23  Archon  
  85  9:24  Stalker  
  85  9:27  Probe  
  84  9:35  Probe x2  
  86  9:39  Probe  
  84  9:45  Stalker  
  84  9:47  Probe  
  81  9:55  Probe x2  
  83  10:00  Dark Templar  
  83  10:02  Probe  
  86  10:07  Probe  
  86  10:08  Probe  
  86  10:10  Sentry, Archon  
  90  10:14  Probe  
  90  10:19  Probe  
  90  10:20  Probe  
  91  10:26  Sentry x2, Probe  
  91  10:27  Sentry x2  
  100  10:30  Observer  
  100  10:41  Probe x2  
  102  10:56  Zealot x6  
  92  11:21  Zealot x7  
  69  11:27  Zealot  
Tags
 
Add a new tag
Caveats
  • Supply blocks, unpowered buildings, or Contaminate may cause inaccurate times.
  • Supply counts are checked every 10 seconds.